 Dungeon Crawl Stone Soup version 0.22-a0-447-gee5f723 (webtiles) character file.

101588 pk666 the Eclecticist (level 15, -2/72 HPs)
             Began as a Deep Elf Fire Elementalist on June 3, 2018.
             Was a High Priest of Vehumet.
             Slain by a vampire mosquito (4 damage)
             ... on level 2 of the Swamp on June 4, 2018.
             The game lasted 03:39:14 (32573 turns).

pk666 the Eclecticist (Deep Elf Fire Elementalist) Turns: 32573, Time: 03:39:15

Health: -2/72      AC: 10    Str:  5    XL:     15   Next: 83%
Magic:  28/63      EV:  2    Int: 36    God:    Vehumet [*****.]
Gold:   2015       SH:  0    Dex: 15    Spells: 1/50 levels left

rFire    . . .     SeeInvis .   W - staff of power
rCold    + . .     Gourm    .   (no shield)
rNeg     + + +     Faith    .   U - +2 robe
rPois    ∞         Spirit   .   (no helmet)
rElec    .         Reflect  .   I - +1 cloak
rCorr    .         Harm     .   H - +2 pair of gloves
MR       +....                  X - +0 pair of boots "Vuomo" {Int+7} (curse)
Stlth    +++.......             F - amulet of Xom's Whim {RegenMP rC+ Int+2}
HPRegen  0.22/turn              V - ring of wizardry
MPRegen  0.63/turn              q - ring of magical power

@: petrified
A: no striking features
a: Renounce Religion


You were on level 2 of the Swamp.
You worshipped Vehumet.
Vehumet was extremely pleased with you.
You were very hungry.

You visited 5 branches of the dungeon, and saw 26 of its levels.
You also visited: Labyrinth.

You collected 2834 gold pieces.
You spent 819 gold pieces at shops.

Inventory:

Hand Weapons
 f - a +0 dagger
Missiles
 O - 16 javelins (quivered)
Armour
 x - the +0 robe of Snakes and Ladders {Str+2 Stlth+}
   (You took it off an ogre mage on level 14 of the Dungeon)

   It affects your strength (+2).
   It makes you more stealthy.
 H - a +2 pair of gloves (worn)
 I - a +1 cloak (worn)
 U - a +2 robe (worn)
 X - the cursed +0 pair of boots "Vuomo" (worn) {Int+7}
   (You found it on level 14 of the Dungeon)

   It affects your intelligence (+7).
   It has a curse placed upon it.
 Y - the +3 leather armour "Dyog" {rF+ MP+9 Stlth+}
   (You found it on level 14 of the Dungeon)

   It protects you from fire.
   It affects your magic capacity (+9).
   It makes you more stealthy.
Magical Staves
 r - an uncursed staff of cold
 t - an uncursed staff of poison
 W - an uncursed staff of power (weapon)
Jewellery
 i - a +2 ring of protection
 m - an uncursed ring of protection from cold
 o - a +3 amulet of reflection
 q - a ring of magical power (right hand)
 s - an uncursed ring of flight
 y - an uncursed amulet of magic regeneration
 F - the amulet of Xom's Whim (around neck) {RegenMP rC+ Int+2}
   (You bought it in a shop on level 2 of the Orcish Mines)

   [amulet of magic regeneration]

   It increases your magic regeneration.
   It affects your intelligence (+2).
   It protects you from cold.
 J - an uncursed ring of protection from magic
 N - an uncursed ring of magical power
 P - an uncursed ring of fire
 R - an uncursed ring of protection from cold
 V - a ring of wizardry (left hand)
 Z - a +4 ring of evasion {unknown}
Wands
 w - a wand of polymorph (53)
 A - a wand of random effects (105)
 B - a wand of paralysis (64)
 C - a wand of enslavement (36)
 D - a wand of disintegration (15)
 K - a wand of iceblast (10)
 M - a wand of digging (26)
 Q - a wand of scattershot (8)
Scrolls
 b - 13 scrolls of remove curse
 e - 9 scrolls of identify
 j - 7 scrolls of enchant weapon
 k - 16 scrolls of teleportation
 n - 3 scrolls of immolation
 u - 4 scrolls of amnesia
 v - 2 scrolls of enchant armour
 z - a scroll of summoning
 G - a scroll of fog
 L - a scroll of fear
 S - a scroll of magic mapping
Potions
 a - 5 potions of brilliance
 d - a potion of lignification
 g - 10 potions of curing
 h - 3 potions of cancellation
 l - 2 potions of heal wounds
 E - 3 potions of might
 T - a potion of berserk rage {unknown}
Comestibles
 c - 34 rations


   Skills:
 + Level 12.3 Dodging
 - Level 5.9 Stealth
 * Level 18.3 Spellcasting
 * Level 14.1 Conjurations
 + Level 6.6 Necromancy
 + Level 6.5 Translocations
 + Level 5.5 Transmutations
 * Level 14.0 Fire Magic
 - Level 5.0 Earth Magic
 - Level 7.0 Poison Magic


You had one spell level left.
You knew the following spells:

 Your Spells              Type           Power        Failure   Level  Hunger
a - Flame Tongue          Conj/Fire      #####        0%          1    None
b - Apportation           Tloc           ######       1%          1    None
c - Conjure Flame         Conj/Fire      #######.     0%          3    None
d - Ignite Poison         Fire/Tmut/Pois #######.     1%          3    None
e - Summon Butterflies    Summ           ####....     1%          1    None
f - Borgnjor's Vile Clut  Necr/Erth      ######....   1%          5    None
g - Ignition              Fire           #######...   2%          8    ####...
h - Iron Shot             Conj/Erth      #######...   1%          6    None
i - Spellforged Servitor  Conj/Summ      ######....   5%          7    ##.....
s - Venom Bolt            Conj/Pois      #######...   1%          5    None
x - Olgreb's Toxic Radia  Pois           ######..     1%          4    None
z - Fireball              Conj/Fire      #######...   1%          5    None

Your spell library contained the following spells:

 Spells                   Type           Power        Failure   Level  Hunger
 Bolt of Fire             Conj/Fire      #######...   1%          6    None
 Confuse                  Hex            ####....     1%          3    None
 Invisibility             Hex            ####....     50%         6    None
 Throw Flame              Conj/Fire      ######       0%          2    None
 Mephitic Cloud           Conj/Pois/Air  ######..     1%          3    None
 Ring of Flames           Chrm/Fire      ######....   19%         7    ##.....
 Summon Horrible Things   Summ           ####......   100%        8    ####...
 Sticky Flame             Conj/Fire      #######.     1%          4    None
 Sting                    Conj/Pois      ####         0%          1    None
 Tukima's Dance           Hex            ####....     1%          3    None
 Summon Greater Demon     Summ           ####......   96%         7    ##.....
 Shadow Creatures         Summ           N/A          50%         6    None
 Ensorcelled Hibernation  Hex/Ice        ####..       1%          2    None
 Silence                  Hex/Air        ####......   11%         5    None
 Corona                   Hex            ####...      1%          1    None
 Alistair's Intoxication  Tmut/Pois      ######..     1%          5    None
 Conjure Ball Lightning   Conj/Air       ######....   1%          6    None
 Monstrous Menagerie      Summ           ####......   96%         7    ##.....
 Malign Gateway           Summ/Tloc      ######....   61%         7    ##.....
 Darkness                 Hex            ####......   50%         6    None
 Inner Flame              Hex/Fire       ######..     1%          3    None
 Dazzling Spray           Conj/Hex       ######       1%          3    None
 Infusion                 Chrm           ####         1%          1    None
 Lesser Beckoning         Tloc           ######....   1%          3    None
 Poisonous Vapours        Pois/Air       ######       1%          2    None


Dungeon Overview and Level Annotations

Branches:
Dungeon (15/15)            Temple (1/1) D:6            Lair (6/6) D:11
  Swamp (2/4) Lair:2        Snake (0/4) Lair:4        Slime (0/5) Lair:6
    Orc (2/2) D:12            Elf (0/3) Orc:2        Vaults (0/5) D:14
 Depths (0/5) D:15

Altars:
Ashenzari
Cheibriados
Dithmenos
Elyvilon
Fedhas
Gozag
Hepliaklqana
Kikubaaqudgha
Makhleb
Nemelex Xobeh
Okawaru
Qazlal
Ru
Sif Muna
Trog
Uskayaw
Vehumet
Wu Jian
Xom
Yredelemnul
Zin
The Shining One
Beogh
Jiyva

Shops:
D:4 %   D:9 *   D:11 [   D:12 ?   D:13 }   D:14 :   D:15 :   Orc:2 %(==

Annotations:
Lair:2 exclusion: downstairs
Lair:3 exclusion: downstairs


Message History

Vehumet accepts your kill.
You feel your power returning.
You hear a splash. x3
You have turned to stone.
A vampire mosquito comes into view.
The vampire mosquito bites you.
* * * LOW HITPOINT WARNING * * *
The vampire mosquito bites you!
* * * LOW HITPOINT WARNING * * *
The vampire mosquito bites you!
* * * LOW HITPOINT WARNING * * *
The vampire mosquito bites you.
* * * LOW HITPOINT WARNING * * *
The vampire mosquito bites you but does no damage.
The vampire mosquito bites you.
The vampire mosquito bites you but does no damage. x2
The vampire mosquito bites you.
* * * LOW HITPOINT WARNING * * *
The vampire mosquito bites you!
You die...

♣.. ≈........≈. ≈.§§ ♣♣
.......... ≈§§.♣♣≈
..≈≈≈....≈ ≈§≈....♣♣♣
.≈≈≈≈≈..♣ ...≈§≈§§.♣
.≈≈≈≈≈≈.≈ ...§≈≈§§≈♣♣♣♣
♣.≈≈.≈≈≈.
♣≈..≈§§§§.≈♣♣♣........
≈♣♣♣♣♣♣♣<≈≈≈..♣y@.....≈.
≈..♣♣♣♣♣.≈≈≈≈....≈≈≈≈...
≈≈.§♣≈...≈≈≈≈...≈≈≈≈≈≈..
≈≈≈♣....§≈).....≈≈≈≈≈≈.≈
♣≈....≈≈≈.≈^≈≈.≈..≈≈≈≈
♣♣♣.≈≈.≈≈≈.♣≈♣.....≈≈.
♣♣..≈≈≈...♣♣♣≈≈♣♣♣≈.≈.
♣.≈≈...♣≈♣♣ §.≈ ♣..♣
♣.≈≈≈..♣♣ . ≈♣


You could see a vampire mosquito.

Vanquished Creatures
  Jorgrun (Swamp:2)
  A thorn hunter (Swamp:2)
  An iron dragon (D:14)
  Azrael (Orc:2)
  A minotaur (Lab)
  Josephine (D:12)
  A fire dragon (D:15)
  3 vault guards (D:14)
  An ice dragon (D:14)
  9 hydras
  5 centaur warriors
  The ghost of Gorglomux the Protected, a novice DDFi of Makhleb (D:9)
  2 tengu warriors
  An ogre mage (D:14)
  4 alligators (Swamp:1)
  8 two-headed ogres
  8 orc high priests (Orc:2)
  Urug (Lair:4)
  Nergalle (D:12)
  A hell knight (D:15)
  2 deep elf archers (D:15)
  An unseen horror (D:15)
  A wizard (D:14)
  3 orc knights
  Pikel (D:8)
  2 deep elf magi
  4 ugly things
  An orc sorcerer (D:14)
  9 elephants
  A cyclops (D:11)
  5 black mambas
  Maurice (Orc:1)
  A gargoyle (D:11)
  11 spiny frogs
  10 komodo dragons
  2 yaktaurs (D:14)
  4 rime drakes
  2 efreet
  A tengu conjurer (D:13)
  7 polar bears
  A queen bee (Lair:2)
  2 wind drakes (shapeshifter) (D:15)
  8 trolls
  7 tyrant leeches
  8 blink frogs
  7 hornets
  5 slime creatures (D:15)
  A dream sheep (Lair:6)
  2 bog bodies
  13 hippogriffs
  2 shadows
  A water elemental (D:15)
  11 spriggans (Lair:6)
  10 wyverns
  35 yaks
  6 wraiths
  A vampire (D:11)
  The ghost of emperorscorpion the Sneak, an amateur FeBe of Trog (D:7)
  7 basilisks
  A human (D:14)
  Grum (D:9)
  7 vampire mosquitoes
  3 wargs (Orc:2)
  5 swamp worms
  An acid dragon (D:11)
  17 water moccasins
  6 hell hounds (Orc:2)
  4 porcupines
  14 orc warriors
  An ice beast (D:6)
  A slave (D:8)
  A swamp drake (Swamp:1)
  10 black bears
  4 sky beasts
  2 necrophages (D:10)
  5 boggarts (Lair:6)
  21 wolves
  19 ogres
  12 crocodiles
  7 centaurs
  A big kobold (D:11)
  11 bullfrogs
  A gnoll sergeant (D:10)
  A wyvern zombie (D:9)
  9 scorpions
  A wyvern skeleton (D:14)
  36 killer bees
  2 vampire bats (D:7)
  12 wights
  6 electric eels
  4 howler monkeys
  A bullfrog zombie (D:7)
  7 crimson imps
  2 quasits
  2 centaur zombies
  3 jellies
  4 centaur skeletons
  35 orc priests
  A hound (D:4)
  18 orc wizards
  A gnoll shaman (D:4)
  3 bullfrog skeletons
  7 iguanas
  9 worker ants
  4 hound zombies
  A mummy (D:10)
  A hound skeleton (D:9)
  2 worker ant zombies
  10 adders
  13 gnolls
  A shadow imp (D:11)
  An adder skeleton (D:5)
  2 worms
  A dart slug (D:2)
  9 leopard geckos
  86 orcs
  2 bat skeletons (D:7)
  5 bat zombies (D:7)
  8 giant cockroaches
  4 hobgoblins
  13 jackals
  3 quokkas
  A ball python (D:5)
  13 bats
  7 frilled lizards
  A goblin (D:2)
  5 goblin skeletons (D:6)
  5 hobgoblin zombies (D:6)
  8 kobolds
  A kobold skeleton (D:6)
  3 kobold zombies (D:6)
  A leopard gecko skeleton (D:5)
  An orc skeleton (D:6)
  An orc zombie (D:6)
  A quokka skeleton (D:6)
  8 rats
  A spectral orc (D:5)
  2 fungi
  A plant (Lair:2)
794 creatures vanquished.

Vanquished Creatures (collateral kills)
  Donald (Swamp:1)
  A flayed ghost (D:14)
2 creatures vanquished.

Vanquished Creatures (others)
  A slave (D:8)
  An orc (Orc:2)
  8 fungi
  4 plants
14 creatures vanquished.

Grand Total: 810 creatures vanquished

Notes
Turn   | Place    | Note
-------+----------+-------------------------------------------
     0 | D:1      | pk666 the Deep Elf Fire Elementalist began the quest for the Orb.
     0 | D:1      | Reached XP level 1. HP: 10/10 MP: 6/6
   546 | D:1      | Reached XP level 2. HP: 15/15 MP: 0/8
  1224 | D:2      | Reached XP level 3. HP: 19/19 MP: 1/10
  1304 | D:2      | Learned a level 3 spell: Conjure Flame
  1741 | D:2      | Found a radiant altar of Vehumet.
  1745 | D:2      | Became a worshipper of Vehumet
  2064 | D:2      | Found a deep blue altar of Sif Muna.
  2237 | D:2      | Reached skill level 4 in Spellcasting
  2622 | D:2      | Reached XP level 4. HP: 15/24 MP: 7/12
  2849 | D:3      | Reached XP level 5. HP: 15/28 MP: 10/14
  3140 | D:3      | Learned a level 5 spell: Fireball
  3152 | D:3      | Reached skill level 5 in Spellcasting
  3153 | D:3      | Found a shimmering altar of Xom.
  3277 | D:3      | Found a hazy altar of Hepliaklqana.
  3354 | D:3      | Found a white marble altar of Elyvilon.
  3896 | D:4      | Reached * piety under Vehumet
  3896 | D:4      | Offered knowledge of Magic Dart by Vehumet.
  4623 | D:4      | Noticed an ogre
  4638 | D:4      | Killed an ogre
  4638 | D:4      | Reached skill level 6 in Spellcasting
  4638 | D:4      | Reached XP level 6. HP: 32/32 MP: 17/17
  4826 | D:4      | Reached XP level 7. HP: 36/36 MP: 19/19
  4869 | D:4      | Reached skill level 5 in Conjurations
  4869 | D:4      | Reached skill level 5 in Fire Magic
  4929 | D:4      | Found Doush's Food Emporium.
  5011 | D:4      | Reached skill level 7 in Spellcasting
  5706 | D:5      | Entered Level 5 of the Dungeon
  5826 | D:5      | Offered knowledge of Throw Frost by Vehumet.
  5828 | D:5      | Reached ** piety under Vehumet
  6006 | D:5      | Found a sparkling altar of Nemelex Xobeh.
  6251 | D:5      | Found a basalt altar of Yredelemnul.
  7283 | D:6      | Reached skill level 8 in Spellcasting
  7283 | D:6      | Reached XP level 8. HP: 41/41 MP: 6/22
  7569 | D:6      | Found a glowing golden altar of the Shining One.
  7689 | D:6      | Offered knowledge of Ignite Poison by Vehumet.
  7808 | D:6      | Found a sand-covered staircase.
  8017 | D:6      | Reached *** piety under Vehumet
  8332 | D:6      | Reached skill level 9 in Spellcasting
  8610 | D:6      | Found a staircase to the Ecumenical Temple.
  8694 | Temple   | Entered the Ecumenical Temple
  8960 | D:7      | Reached XP level 9. HP: 42/45 MP: 20/24
  8969 | D:7      | Offered knowledge of Airstrike by Vehumet.
  8975 | D:7      | Learned a level 4 spell: Olgreb's Toxic Radiance
  8981 | D:7      | Learned a level 5 spell: Venom Bolt
  9529 | D:7      | Reached skill level 1 in Poison Magic
  9533 | D:7      | Noticed emperorscorpion's ghost (amateur FeBe)
  9538 | D:7      | Killed emperorscorpion's ghost
  9851 | D:7      | Reached skill level 5 in Dodging
  9857 | D:7      | Learned a level 1 spell: Apportation
 10038 | D:7      | Found an ancient bone altar of Kikubaaqudgha.
 10242 | D:7      | Reached **** piety under Vehumet
 10628 | D:8      | Noticed Pikel
 10635 | D:8      | Killed Pikel
 10635 | D:8      | Reached skill level 10 in Spellcasting
 10784 | D:8      | Noticed a two-headed ogre
 10787 | D:8      | Killed a two-headed ogre
 10787 | D:8      | Reached skill level 5 in Stealth
 10787 | D:8      | Reached XP level 10. HP: 50/50 MP: 19/26
 10856 | D:8      | Found a blossoming altar of Fedhas.
 10869 | D:8      | Found a stormy altar of Qazlal.
 10878 | D:8      | You fall through a shaft!
 11077 | D:8      | Found a snail-covered altar of Cheibriados.
 11177 | D:8      | Reached skill level 1 in Translocations
 11455 | D:9      | Offered knowledge of Static Discharge by Vehumet.
 11473 | D:9      | Noticed Gorglomux's ghost (novice DDFi)
 11571 | D:9      | Noticed Grum
 11825 | D:9      | Killed Grum
 12167 | D:9      | Found Awipt's General Store.
 12172 | D:9      | Reached skill level 5 in Poison Magic
 12238 | D:9      | Found a blossoming altar of Fedhas.
 12411 | D:9      | Found an iron altar of Okawaru.
 12419 | D:9      | Killed Gorglomux's ghost
 12829 | D:10     | Entered Level 10 of the Dungeon
 13225 | D:10     | Reached skill level 11 in Spellcasting
 13252 | D:10     | Learned a level 1 spell: Summon Butterflies
 13446 | D:10     | Reached ***** piety under Vehumet
 13522 | D:10     | Noticed a two-headed ogre
 13525 | D:10     | Killed a two-headed ogre
 13525 | D:10     | Reached XP level 11. HP: 54/54 MP: 23/28
 14140 | D:10     | Found an iron altar of Okawaru.
 14141 | D:10     | Noticed a deep elf mage
 14144 | D:10     | Killed a deep elf mage
 14144 | D:10     | Offered knowledge of Bolt of Magma by Vehumet.
 14279 | D:11     | Noticed a green ugly thing
 14283 | D:11     | Killed a green ugly thing
 14496 | D:11     | Noticed a purple ugly thing
 14502 | D:11     | Killed a purple ugly thing
 14502 | D:11     | Reached skill level 12 in Spellcasting
 14733 | D:11     | Noticed a green ugly thing
 14739 | D:11     | Killed a green ugly thing
 15089 | D:11     | Found Jocs's Antique Armour Shop.
 15092 | D:11     | Reached skill level 10 in Conjurations
 15498 | D:11     | Reached skill level 13 in Spellcasting
 15498 | D:11     | Reached skill level 10 in Fire Magic
 15602 | D:11     | Found a staircase to the Lair.
 15710 | Lair:1   | Entered Level 1 of the Lair of Beasts
 16365 | Lair:1   | Reached XP level 12. HP: 59/59 MP: 27/31
 16823 | Lair:2   | Noticed a seven-headed hydra
 16831 | Lair:2   | Killed a seven-headed hydra
 17196 | Lair:2   | Noticed a six-headed hydra
 17200 | Lair:2   | Killed a six-headed hydra
 17200 | Lair:2   | Reached skill level 14 in Spellcasting
 17309 | Lair:2   | Found a staircase to the Swamp.
 17423 | Lair:2   | Reached skill level 10 in Dodging
 18304 | Lair:2   | Reached skill level 15 in Spellcasting
 18724 | Lair:3   | Found a shimmering altar of Xom.
 18840 | Lair:3   | Reached XP level 13. HP: 54/63 MP: 19/34
 19492 | Lair:4   | Offered knowledge of Fulminant Prism by Vehumet.
 19864 | Lair:4   | Noticed Urug
 19868 | Lair:4   | Killed Urug
 20151 | Lair:4   | Found a staircase to the Snake Pit.
 20374 | Lair:5   | Reached skill level 5 in Translocations
 20450 | Lair:5   | Reached skill level 16 in Spellcasting
 20995 | Lair:5   | Learned a level 3 spell: Ignite Poison
 21004 | Lair:5   | Learned a level 8 spell: Ignition
 21041 | Lair:5   | Reached skill level 1 in Transmutations
 21675 | Lair:6   | Entered Level 6 of the Lair of Beasts
 21852 | Lair:6   | Found a labyrinth entrance.
 21864 | Lab      | Entered a labyrinth
 22185 | Lab      | Noticed a minotaur
 22192 | Lab      | Killed a minotaur
 22267 | Lair:6   | Found a staircase to the Slime Pits.
 22291 | Lair:6   | Found a viscous altar of Jiyva.
 22585 | Lair:6   | Learned a level 5 spell: Borgnjor's Vile Clutch
 22700 | Lair:6   | Reached skill level 1 in Necromancy
 22740 | Lair:6   | Reached skill level 1 in Earth Magic
 23159 | Lair:6   | Reached XP level 14. HP: 68/68 MP: 35/36
 24005 | D:12     | Found a staircase to the Orcish Mines.
 24182 | D:12     | Noticed Josephine
 24188 | D:12     | Killed Josephine
 24320 | D:12     | Identified a scroll of acquirement
 24320 | D:12     | Identified Ubeaz's Grimoire of the Sparrow (You acquired it on level 12 of the Dungeon)
 24350 | D:12     | Offered knowledge of Iron Shot by Vehumet.
 24358 | D:12     | Learned a level 6 spell: Iron Shot
 24556 | D:12     | Found Tasi's Magic Scroll Emporium.
 24558 | D:12     | Noticed Nergalle
 24562 | D:12     | Killed Nergalle
 24795 | Orc:1    | Entered Level 1 of the Orcish Mines
 24795 | Orc:1    | Noticed Maurice
 24799 | Orc:1    | Killed Maurice
 24840 | Orc:1    | You fall through a shaft!
 24840 | Orc:2    | Entered Level 2 of the Orcish Mines
 25004 | Orc:2    | Noticed Azrael
 25078 | Orc:2    | Killed Azrael
 25344 | Orc:1    | Reached skill level 5 in Transmutations
 25843 | Orc:2    | Reached ****** piety under Vehumet
 25860 | Orc:2    | Offered knowledge of Irradiate by Vehumet.
 26089 | Orc:2    | Found Betzot's Weapon Shop.
 26089 | Orc:2    | Found Bixa's Food Emporium.
 26119 | Orc:2    | Found a roughly hewn altar of Beogh.
 26176 | Orc:2    | Reached skill level 5 in Necromancy
 26180 | Orc:2    | Reached skill level 17 in Spellcasting
 26183 | Orc:2    | Reached skill level 5 in Earth Magic
 26276 | Orc:2    | Found Vubb's Jewellery Shop.
 26276 | Orc:2    | Found Uliedig's Jewellery Emporium.
 26302 | Orc:2    | Bought the amulet of Xom's Whim {RegenMP rC+ Int+2} for 819 gold pieces
 26326 | Orc:2    | Found a staircase to the Elven Halls.
 27670 | D:13     | Found Ludgh's Gadget Boutique.
 28326 | D:14     | Found a hazy altar of Hepliaklqana.
 28545 | D:14     | Found Jeiset's Book Emporium.
 28587 | D:14     | Reached XP level 15. HP: 72/72 MP: 38/38
 28611 | D:14     | Offered knowledge of Spellforged Servitor by Vehumet.
 29134 | D:14     | Found a gate to the Vaults.
 29136 | D:14     | Got a fine robe
 29147 | D:14     | Identified the +0 robe of Snakes and Ladders {Str+2 Stlth+} (You took it off an ogre mage on level 14 of the Dungeon)
 30036 | D:14     | Noticed an iron dragon
 30136 | D:14     | Found a runed door.
 30192 | D:14     | Learned a level 7 spell: Spellforged Servitor
 30209 | D:14     | Killed an iron dragon
 30223 | D:14     | Got a pair of warped boots
 30229 | D:14     | Identified the cursed +0 pair of boots "Vuomo" {Int+7} (You found it on level 14 of the Dungeon)
 30354 | D:14     | Got a faintly glowing leather armour
 30365 | D:14     | Identified the +3 leather armour "Dyog" {rF+ MP+9 Stlth+} (You found it on level 14 of the Dungeon)
 30429 | D:15     | Entered Level 15 of the Dungeon
 30693 | D:15     | Reached skill level 18 in Spellcasting
 31446 | D:15     | Found a staircase to the Depths.
 31480 | D:15     | Found Xashesel's Book Shoppe.
 31724 | Swamp:1  | Entered Level 1 of the Swamp
 31986 | Swamp:1  | Noticed Donald
 31992 | Swamp:1  | Killed Donald
 32488 | Swamp:2  | Noticed a thorn hunter
 32491 | Swamp:2  | Killed a thorn hunter
 32559 | Swamp:2  | Noticed Jorgrun
 32564 | Swamp:2  | Killed Jorgrun
 32570 | Swamp:2  | HP: 3/72 [vampire mosquito (3)]
 32573 | Swamp:2  | Slain by a vampire mosquito

Vault maps used:
D:1:      ncdulo_lavacross, minmay_distorted
D:2:      marbit_many_paths, led_sif_pool
D:3:      lemuel_round_altar, xom_teletrap_fun, overflow_temple_1_default,
          first_ration
D:4:      old_forge, serial_shops, shop
D:5:      kennysheep_mini, yredelemnul_forgotten_temple_becter
D:6:      nicolae_tso_besieged_by_evil, temple_pool_b,
          nicolae_ossuary_entry_false_entrances
D:7:      kennysheep_vampire_church, minmay_misc_feat_roman, grunt_ogre_cave
D:8:      grunt_temple_overflow_forces_of_nature, old_standard_altar,
          mrwooster_statue_mirror, corexii_leaking_fountain,
          grunt_decor_one_mirror, uniq_pikel
D:9:      nicolae_overflow_crystal_walls, serial_shops,
          nicolae_shop_behind_doors, fedhas_altar_4, uniq_grum
D:10:     serial_undead, serial_undead_f, serial_undead_c, serial_undead_e,
          serial_undead_c, serial_undead_a, david_defended_altar_elf
D:11:     erik_lair_dragon, serial_shops, shop, kennysheep_boxes
D:12:     orc_0_dummy, serial_shops, shop, uniq_josephine, uniq_nergalle
D:13:     serial_shops, shop
D:14:     grunt_vaults_entry_fortified, serial_shops, nicolae_shop_stone,
          basic_altar, kennysheep_donut, minmay_hidden_floor
D:15:     hangedman_depths_entry_civil_slaughter, serial_shops,
          nicolae_shop_waterfront, minivault_14, minmay_stone_trees_small
Temple:   nicolae_temple_figure_zero
Lair:2:   minmay_swamp_entry_reptiles, special_room,
          grunt_forest_small_clearings, serial_bayou_shore_a
Lair:3:   beast_lair_carwin_large_1, basic_altar, enter_volcano_2, minivault_23
Lair:4:   dummy_snake_entry, kennysheep_basilisk_garden, uniq_urug
Lair:5:   special_room, minivault_24
Lair:6:   minmay_lair_end_enchanted_forest, slime_altar_1, lab_entry_generic
Swamp:1:  evilmike_swamp_ruin_house_5, uniq_donald
Swamp:2:  evilmike_swamp_ruin_house_6, uniq_jorgrun
Orc:1:    uniq_maurice
Orc:2:    st_orc_town, nicolae_orc_crystal_geode, uniq_azrael
Lab:      labyrinth_spiral

Skill      XL: |  1  2  3  4  5  6  7  8  9 10 11 12 13 14 15 |
---------------+----------------------------------------------+-----
Conjurations   | 2 3 4 6 7 8 9 10 11 12 13 14 | 14.1
Spellcasting   | 4 6 8 9 10 11 13 15 16 17 18 | 18.3
Fire Magic     | 4 5 7 8 9 10 11 12 13 14 | 14.0
Dodging        | 3 4 5 7 9 10 11 12 | 12.3
Stealth        | 3 5 |  5.9
Poison Magic   | 4 5 6 7 |  7.0
Translocations | 3 4 5 6 |  6.5
Transmutations | 3 5 |  5.5
Necromancy     | 1 5 6 |  6.6
Earth Magic    | 1 5 |  5.0

Action                   |  1- 3 |  4- 6 |  7- 9 | 10-12 | 13-15 || total
-------------------------+-------+-------+-------+-------+-------++-------
Melee: Dagger            |     7 |    51 |    68 |       |       ||   126
       Staff             |       |       |       |    23 |     8 ||    31
 Cast: Flame Tongue      |    84 |    86 |   163 |    94 |    26 ||   453
       Conjure Flame     |       |     2 |    30 |    15 |    12 ||    59
       Fireball          |       |       |    63 |   193 |   302 ||   558
       Venom Bolt        |       |       |       |    30 |    48 ||    78
       Olgreb's Toxic Ra |       |       |       |    54 |   105 ||   159
       Apportation       |       |       |       |     6 |    25 ||    31
       Ignite Poison     |       |       |       |       |   143 ||   143
       Iron Shot         |       |       |       |       |    37 ||    37
       Borgnjor's Vile C |       |       |       |       |    15 ||    15
       Ignition          |       |       |       |       |     5 ||     5
       Summon Butterflie |       |       |       |       |     3 ||     3
       Spellforged Servi |       |       |       |       |     3 ||     3
Evoke: Wand              |       |       |       |       |     4 ||     4
  Use: Potion            |     2 |       |       |     2 |     4 ||     8
       Scroll            |     1 |     4 |     1 |    13 |     9 ||    28
  Eat: Chunk             |     3 |     9 |    28 |    31 |    34 ||   105
       Ration            |       |       |     1 |     4 |     3 ||     8
Armor: Robe              |    25 |    19 |    31 |    18 |    19 ||   112
Dodge: Dodged            |    64 |    48 |    85 |    97 |    98 ||   392
Block: Other             |     2 |     5 |    15 |       |       ||    22
       Reflection        |       |       |     1 |       |       ||     1

Table legend:
 A = Spawn XP
 B = Non-spawn XP
 C = Spawn XP percentage of total XP
 D = Spawn monster count
 E = Non-spawn monster count
 F = Spawn count percentage of total count
 G = Total turns spent on level
                    A         B        C        D         E        F      G
               +---------+---------+-------+---------+---------+-------+---------
         Total |       0 |  145126 |   0.0 |       0 |     793 |   0.0 | 32573
               +---------+---------+-------+---------+---------+-------+---------
           D:1 |       0 |      31 |   0.0 |       0 |      21 |   0.0 |  1151
           D:2 |       0 |      83 |   0.0 |       0 |      21 |   0.0 |  1563
           D:3 |       0 |     220 |   0.0 |       0 |      22 |   0.0 |  1484
           D:4 |       0 |     739 |   0.0 |       0 |      24 |   0.0 |  1508
           D:5 |       0 |     458 |   0.0 |       0 |      21 |   0.0 |  1881
           D:6 |       0 |    1275 |   0.0 |       0 |      50 |   0.0 |  1582
           D:7 |       0 |    1182 |   0.0 |       0 |      27 |   0.0 |  1232
           D:8 |       0 |    2372 |   0.0 |       0 |      16 |   0.0 |  1501
           D:9 |       0 |    2540 |   0.0 |       0 |      32 |   0.0 |   809
          D:10 |       0 |    3156 |   0.0 |       0 |      29 |   0.0 |  1416
          D:11 |       0 |    7005 |   0.0 |       0 |      38 |   0.0 |  1650
          D:12 |       0 |    7791 |   0.0 |       0 |      36 |   0.0 |  1040
          D:13 |       0 |    6886 |   0.0 |       0 |      26 |   0.0 |  1122
          D:14 |       0 |   15255 |   0.0 |       0 |      35 |   0.0 |  2408
          D:15 |       0 |   14869 |   0.0 |       0 |      35 |   0.0 |  1070
        Lair:1 |       0 |    2896 |   0.0 |       0 |      14 |   0.0 |  1030
        Lair:2 |       0 |   10549 |   0.0 |       0 |      57 |   0.0 |  1927
        Lair:3 |       0 |    5604 |   0.0 |       0 |      25 |   0.0 |   891
        Lair:4 |       0 |    5387 |   0.0 |       0 |      21 |   0.0 |   861
        Lair:5 |       0 |    8480 |   0.0 |       0 |      29 |   0.0 |  1426
        Lair:6 |       0 |   13967 |   0.0 |       0 |      64 |   0.0 |  1685
       Swamp:1 |       0 |   10977 |   0.0 |       0 |      25 |   0.0 |   710
       Swamp:2 |       0 |    7810 |   0.0 |       0 |      10 |   0.0 |   139
         Orc:1 |       0 |    1622 |   0.0 |       0 |      19 |   0.0 |   471
         Orc:2 |       0 |   12695 |   0.0 |       0 |      95 |   0.0 |  1501
           Lab |       0 |    1277 |   0.0 |       0 |       1 |   0.0 |   397
               +---------+---------+-------+---------+---------+-------+---------
